 Dungeon Crawl Stone Soup version 0.29.1-12-g30fa7ad0bf (webtiles) character file.

Game seed: 17512988556335055575

117 styxcanada the Sneak (level 4, 0/23 HPs)
             Began as a Spriggan Brigand on Dec 26, 2022.
             Killed from afar by an orc wizard (9 damage)
             ... with a magic dart
             ... on level 2 of the Dungeon.
             The game lasted 00:07:05 (2162 turns).

styxcanada the Sneak (Spriggan Brigand)             Turns: 2162, Time: 00:07:06

Health: 0/23       AC:  2    Str:  7    XL:     4   Next: 71%
Magic:  5/5        EV: 17    Int: 12    God:
Gold:   57         SH:  0    Dex: 18    Spells: 3/3 levels left

rFire   . . .      SeeInvis +   a - +3 dagger
rCold   . . .      Faith    .   (no shield)
rNeg    . . .      Spirit   .   b - +0 robe
rPois   .          Reflect  .   (helmet restricted)
rElec   .          Harm     .   n - scarf {shadows}
rCorr   .          Rampage  .   (gloves unavailable)
Will    .....                   (boots unavailable)
Stlth   ++++......              (no amulet)
HPRegen 0.07/turn               (no ring)
MPRegen 0.09/turn               (no ring)

@: very quick
A: very small, no large weapons, unfitting armour, see invisible, speed 3
a: no special abilities


You were on level 2 of the Dungeon.
You visited 1 branch of the dungeon, and saw 3 of its levels.

You collected 57 gold pieces.

Inventory:

Hand Weapons
 a - a +3 dagger (weapon)
 i - a +0 sling
Missiles
 d - 4 poisoned darts (quivered)
 e - 3 curare-tipped darts
Armour
 b - a +0 robe (worn)
 c - a +0 cloak
 n - a scarf of shadows (worn)
Scrolls
 l - a scroll of amnesia {unknown}
 m - a scroll of fear {unknown}
 o - a scroll of magic mapping {unknown}
Potions
 f - a potion of heal wounds
 g - a potion of flight {unknown}
 h - 3 potions of curing
 j - 2 potions of haste {unknown}
 k - a potion of cancellation {unknown}
 p - a potion of attraction {unknown}
 q - a potion of mutation {unknown}
 r - a potion of degeneration {unknown}


   Skills:
 * Level 1.9 Fighting
 + Level 3.0 Short Blades
 + Level 2.2 Throwing
 * Level 2.7 Dodging
 * Level 7.9 Stealth


You had 3 spell levels left.
You didn't know any spells.
Your spell library was empty.

Dungeon Overview and Level Annotations

Branches:
Dungeon (3/15)

Altars:

Annotations:
D:2 Natasha


Innate Abilities, Weirdness & Mutations

You are very small and have problems with some larger weapons.
You are too small for most types of armour.
You have supernaturally acute eyesight. (SInv)
You cover ground extremely quickly. (Speed+++)


Message History

There is a stone staircase leading down here.
Throw: 9 darts (poison)
Press: ? - help, Q - select action, (/) - cycle Shift-Dir - straight line, f - orc wizard
Aim: an orc wizard, wielding a +0 dagger and wearing a +0 robe (slightly transparent, 55% to hit)
You throw a poisoned dart. The poisoned dart hits the orc wizard.
Natasha, Servant of Life and Death comes into view.
Throw: 8 darts (poison)
Press: ? - help, Q - select action, (/) - cycle Shift-Dir - straight line, f/p - orc wizard
Aim: an orc wizard, wielding a +0 dagger and wearing a +0 robe (slightly transparent, 55% to hit)
You throw a poisoned dart. The poisoned dart hits the orc wizard.
The orc wizard is poisoned.
Throw: 7 darts (poison)
Press: ? - help, Q - select action, (/) - cycle Shift-Dir - straight line, f/p - orc wizard
Aim: an orc wizard, wielding a +0 dagger and wearing a +0 robe (moderately wounded, slightly transparent, poisoned, 55% to hit)
You throw a poisoned dart.
The poisoned dart barely misses the orc wizard.
The orc wizard gestures at you while chanting.
The magic dart hits you.
Throw: 6 darts (poison)
Press: ? - help, Q - select action, (/) - cycle Shift-Dir - straight line, f/p - orc wizard
Aim: an orc wizard, wielding a +0 dagger and wearing a +0 robe (moderately wounded, slightly transparent, poisoned, 55% to hit)
You throw a poisoned dart. The poisoned dart hits the orc wizard.
The orc wizard is moderately wounded.
The orc wizard points at you and mumbles some strange words.
You easily resist.
Throw: 5 darts (poison)
Press: ? - help, Q - select action, (/) - cycle Shift-Dir - straight line, f/p - orc wizard
Aim: an orc wizard, wielding a +0 dagger and wearing a +0 robe (heavily wounded, slightly transparent, poisoned, 55% to hit)
You throw a poisoned dart. The poisoned dart hits the orc wizard.
The orc wizard looks even sicker.
The orc wizard is heavily wounded.
You hit the orc wizard.
The orc wizard is almost dead.
The orc wizard casts a spell at you. The magic dart hits you!
You hit the orc wizard.
The orc wizard is almost dead.
The orc wizard gestures at you while chanting.
The magic dart hits you!
You die...

.####.#.......##.†#.#
.# #.#.......###.#.#
.# #.#...)...###.#.#
.# #.##.##.#.......#
.# #.........###.###
.# ###.......# #.# .#
##.÷h..##.# #.#
.####.......#.###(#
###########
....#>........oo@.#
#.........#
###.#.......#(#####
#.##.##.#.#
.##.........#.#
#.##.##.#.#
.######.......#
###.##.......
.....####..o###
##......##.#.# .###.#
#...# ##....##.##.#.#
..##.# #...#
##.###.........#
#.##.# #..(######.##
##....†#### ..##.#
#..>.......#
#..#......


You could see an orc wizard (invisible, very poisoned) and an orc.

Vanquished Creatures
  Natasha (twice) (D:2)
  An adder (D:2)
  A worm (D:2)
  An orc (D:3)
  3 bats (D:1)
  8 endoplasms
  3 giant cockroaches
  3 goblins
  5 hobgoblins
  5 jackals
  3 kobolds
  2 quokkas
  7 ball pythons
  4 frilled lizards
  3 rats
51 creatures vanquished.

Vanquished Creatures (others)
  4 plants (D:1)
4 creatures vanquished.

Grand Total: 55 creatures vanquished

Notes
Turn   | Place    | Note
-------+----------+-------------------------------------------
     0 | D:1      | styxcanada the Spriggan Brigand began the quest for the
                  | Orb.
     0 | D:1      | Reached XP level 1. HP: 10/10 MP: 2/2
    39 | D:1      | Reached skill level 6 in Stealth
   185 | D:1      | Reached XP level 2. HP: 13/14 MP: 3/3
  1038 | D:2      | Reached XP level 3. HP: 18/18 MP: 4/4
  1085 | D:2      | Reached skill level 7 in Stealth
  1823 | D:2      | Noticed Natasha
  1826 | D:2      | Killed Natasha
  1827 | D:2      | Reached XP level 4. HP: 23/23 MP: 5/5
  1830 | D:2      | Noticed Natasha
  1836 | D:2      | Killed Natasha
  2148 | D:2      | Noticed Natasha
  2162 | D:2      | Killed from afar by an orc wizard

Illustrated notes

Levels and vault maps discovered:
D:1:      dpeg_arrival_tiny_f, layout_rooms, serial_bayou_lagoon_a,
          minmay_misc_feat_encased, nrook_campfire
D:2:      layout_loops_cross, uniq_natasha
D:3:      layout_rooms, nicolae_vehumet_radiance, uniq_terence

Skill      XL: |  1  2  3  4 |
---------------+-------------+-----
Stealth        | 6 7 |  7.9
Dodging        | 2 |  2.7
Short Blades   | 3 |  3.0
Fighting       | |  1.9
Throwing       | |  2.2

Action                   |  1- 3 |  4- 6 || total
-------------------------+-------+-------++-------
Melee: Dagger            |   123 |    15 ||   138
Throw: Dart              |     7 |     8 ||    15
  Use: Scroll            |     5 |       ||     5
 Stab: Sleeping          |    16 |     4 ||    20
       Distracted        |     1 |       ||     1
Armor: Robe              |    10 |       ||    10
Dodge: Dodged            |    78 |     8 ||    86
